 Dungeon Crawl Stone Soup version 0.31.0-9-g3a7656b989 (webtiles) character file.

Game seed: 16099473145328829951

192 qw the Shooter (level 5, -3/41 HPs)
             Began as a Demigod Hunter on Feb 2, 2024.
             Slain by an iguana (9 damage)
             ... on level 3 of the Dungeon.
             The game lasted 00:00:07 (1889 turns).

qw the Shooter (Demigod Hunter)                     Turns: 1889, Time: 00:00:08

Health: -3/41      AC:  4    Str: 12    XL:     5   Next: 19%
Magic:  7/7        EV: 13    Int: 11    God:
Gold:   110        SH:  0    Dex: 21    Spells: 4/4 levels left

rFire   + . .        a - +0 shortbow
rCold   + . .        (shield currently unavailable)
rNeg    . . .        d - +2 robe {rC+ rF+}
rPois   .            (no helmet)
rElec   .            (no cloak)
rCorr   .            (no gloves)
SInv    .            (no boots)
Will    .....        (no amulet)
Stlth   ++           (no ring)
HPRegen 0.26/turn    (no ring)
MPRegen 0.10/turn

%: no passive effects
@: no status effects
A: high MP 1, forlorn, divine attributes
a: no special abilities


You were on level 3 of the Dungeon.
You visited 1 branch of the dungeon, and saw 4 of its levels.

You collected 110 gold pieces.


Innate Abilities, Weirdness & Mutations

You have an increased reservoir of magic. (+10% MP)
You shall have no god before yourself.
Your divine heritage dramatically boosts your attributes as you level up.


   Skills:
 + Level 2.0 Fighting
 - Level 6.0 Ranged Weapons
 - Level 2.0 Dodging
 - Level 0.8 Stealth


You had 4 spell levels left.
You didn't know any spells.
Your spell library was empty.

Inventory:

Hand Weapons
 a - a +0 shortbow (weapon)
Armour
 d - a +2 robe of resistance (worn)
Potions
 b - a potion of magic {unknown}
 e - 3 potions of curing
 f - a potion of resistance {unknown}

Dungeon Overview and Level Annotations

Branches:
Dungeon (4/15)
 Temple: D:4-7

Shops:
D:2 =

Annotations:
D:4 Grinder


Message History

The iguana barely misses you.
The giant cockroach bites you but does no damage.
Grinder gestures at you. You resist with significant effort.
The giant cockroach completely misses you.
The iguana barely misses you.
There is a stone staircase leading up here.
1880 ||| STAIRDANCE The giant cockroach closely misses you.
The iguana barely misses you.
You climb upwards.
There is a stone staircase leading down, spattered with blood here.
You shoot an arrow. The arrow hits the iguana.
The iguana is moderately wounded.
The giant cockroach closely misses you. The iguana barely misses you.
You shoot an arrow. The arrow barely misses the iguana.
The giant cockroach closely misses you. The iguana bites you.
You shoot an arrow. The arrow hits the iguana.
The iguana is moderately wounded.
The giant cockroach bites you but does no damage.
The iguana bites you! The giant cockroach closely misses you.
You shoot an arrow.
The arrow hits the iguana but does no damage.
The iguana is moderately wounded.
The iguana bites you but does no damage.
The giant cockroach closely misses you.
You shoot an arrow. The arrow hits the iguana.
The iguana is heavily wounded.
The giant cockroach closely misses you. The iguana bites you.
You shoot an arrow. The arrow hits the iguana.
The iguana is severely wounded.
The giant cockroach closely misses you. The iguana bites you!
The giant cockroach bites you but does no damage.
You shoot an arrow. The arrow hits the iguana.
The iguana is almost dead.
The iguana bites you!
The giant cockroach bites you but does no damage.
You shoot an arrow. The arrow hits the iguana.
The iguana is almost dead.
The iguana bites you!
You die...

##### ....#####
###.>...#
###############
...#.##+##
#...[.........#
##.###8.8##
#.###########%#
##.##.....## #.#
#........#
..##8.....8#####.#
#.########
.##.........##.B@# #.#
.#8.........8###l####.#
.'..........%%....#<#.#
##8.........8###<.#.#.#
##.........####....#.#
##8.....8##.##.####.#
##.....###....(....#
##8.8#######.####.###
##'##..# #.# #...#


You could see an iguana and a giant cockroach.

Vanquished Creatures
  A scorpion (D:3)
  An orc wizard (D:3)
  4 adders (D:3)
  4 dart slugs
  2 orcs (D:3)
  8 endoplasms
  4 giant cockroaches
  4 goblins
  3 hobgoblins (D:3)
  4 quokkas
  3 ball pythons
  9 bats
  7 frilled lizards
  4 kobolds
  6 rats
64 creatures vanquished.

Notes
Turn   | Place    | Note
-------+----------+-------------------------------------------
     0 | D:1      | qw the Demigod Hunter began the quest for the Orb.
     0 | D:1      | Reached XP level 1. HP: 17/17 MP: 3/3
     0 | D:1      | 0 ||| qw: Version: 0.3-a-155-g5e7d8dd
     0 | D:1      | 0 ||| qw: Game counter: 62
     0 | D:1      | 0 ||| qw: Melee chars always use a shield: true
     0 | D:1      | 0 ||| qw: God list: Okawaru
     0 | D:1      | 0 ||| qw: Allow faded altars: false
     0 | D:1      | 0 ||| qw: Do Orc after clearing Dungeon:15 true
     0 | D:1      | 0 ||| qw: Do second Lair branch before Depths: true
     0 | D:1      | 0 ||| qw: Lair rune preference: random
     0 | D:1      | 0 ||| qw: Goals: Normal
     0 | D:1      | 0 ||| PLANNING D:1-11
    78 | D:1      | Reached skill level 4 in Ranged Weapons
   140 | D:1      | Reached XP level 2. HP: 24/24 MP: 4/4
   544 | D:1      | 544 ||| READING scroll labelled TYLUPR BI KEJ.
   545 | D:1      | 545 ||| READING 3 scrolls labelled CENUACK ZYOSCH.
   545 | D:1      | 545 ||| IDENTIFYING clear potion
   546 | D:1      | 546 ||| READING 2 scrolls of identify.
   546 | D:1      | 546 ||| IDENTIFYING smoky inky potion
   547 | D:1      | 547 ||| READING scroll of identify.
   547 | D:1      | 547 ||| IDENTIFYING 2 fizzy cyan potions
   548 | D:1      | 548 ||| READING 2 scrolls labelled VUOMIA SOUPTO.
   549 | D:1      | 549 ||| DROPPING scroll of butterflies.
   550 | D:1      | 550 ||| DROPPING potion of degeneration.
   551 | D:1      | 551 ||| DROPPING scroll of fear.
   552 | D:1      | 552 ||| DROPPING potion of invisibility.
   581 | D:2      | Found Doixek's Jewellery Shop.
   590 | D:2      | 590 ||| SHOPLISTING +6 ring of dexterity (396 gold, have
                  | 49).
   590 | D:2      | 590 ||| SHOPLISTING ring "Siacott" {Ice Str+2 Dex+3} (467
                  | gold, have 49).
   590 | D:2      | 590 ||| SHOPLISTING ring of Wejuext {Int+6 Dex+4} (565
                  | gold, have 49).
   590 | D:2      | 590 ||| SHOPLISTING ring of fire (275 gold, have 49).
   590 | D:2      | 590 ||| SHOPLISTING ring of poison resistance (220 gold,
                  | have 49).
   659 | D:2      | Reached XP level 3. HP: 28/29 MP: 5/5
  1184 | D:2      | 1184 ||| READING scroll labelled SUAB SUBOR.
  1187 | D:2      | 1187 ||| READING scroll labelled NOTTYRI KENUTT.
  1274 | D:3      | 1274 ||| DRINKING 4 potions of curing.
  1274 | D:3      | 1274 ||| (to cure confusion)
  1281 | D:3      | Reached skill level 5 in Ranged Weapons
  1306 | D:3      | Reached XP level 4. HP: 36/36 MP: 6/6
  1675 | D:3      | 1675 ||| UPGRADING to +2 robe of resistance.
  1685 | D:3      | 1685 ||| DROPPING +0 leather armour.
  1686 | D:3      | 1686 ||| READING scroll labelled GOEPLI HUTEO.
  1787 | D:3      | 1787 ||| READING scroll labelled DIHACO WIEQOLE.
  1796 | D:4      | 1796 ||| STAIRDANCE
  1800 | D:4      | 1800 ||| STAIRDANCE
  1800 | D:4      | Noticed Grinder
  1810 | D:3      | Reached skill level 6 in Ranged Weapons
  1810 | D:3      | Reached XP level 5. HP: 23/41 MP: 7/7
  1880 | D:4      | 1880 ||| STAIRDANCE
  1888 | D:3      | HP: 6/41 [iguana (10)]
  1889 | D:3      | Slain by an iguana

Levels and vault maps discovered:
D:1:      dpeg_arrival_round_a, layout_basic
D:2:      layout_basic, serial_shops, shop, hangedman_abyss_or_decor_stabs,
          grunt_decor_cap, hangedman_decor_slide_cut
D:3:      layout_basic, lemuel_round_altar, dk_noncrumbling_4
D:4:      layout_cave_pools, temple_pool_b, st_stairs_12, uniq_blork_the_orc,
          uniq_grinder

Skill      XL: |  1  2  3  4 |
---------------+-------------+-----
Ranged Weapons | 4 5 6 |  6.0
Fighting       | 2 |  2.0
Dodging        | 2 |  2.0
Stealth        | |  0.8

Action                     |  1- 3 |  4- 6 || total
---------------------------+-------+-------++-------
   Fire: Shortbow          |   124 |    68 ||   192
    Use: Scroll            |     7 |     2 ||     9
         Potion            |     1 |       ||     1
 Armour: Leather armour    |    20 |    24 ||    44
         Robe              |       |    22 ||    22
  Dodge: Dodged            |    28 |    50 ||    78

Table legend:
 A = Non-vault XP
 B = Vault XP
 C = Vault XP percentage of total XP
 D = Non-vault monster count
 E = Vault monster count
 F = Vault count percentage of total count
                 A         B        C        D         E       F
            +---------+---------+-------+---------+---------+-------
      Total |     275 |       0 |   0.0 |      64 |       0 |   0.0
            +---------+---------+-------+---------+---------+-------
        D:1 |      43 |       0 |   0.0 |      25 |       0 |   0.0
        D:2 |      28 |       0 |   0.0 |      15 |       0 |   0.0
        D:3 |     204 |       0 |   0.0 |      24 |       0 |   0.0
            +---------+---------+-------+---------+---------+-------
